Map: [ESL] Dragon Scales

Players

SKillous - Winner!

  • Race: Protoss Protoss
  • Spawn Location: 11:00

Lambo

  • Race: Zerg Zerg
  • Spawn Location: 5:00

Event: ESL SC2 Masters 2023 Summer (Regionals)

VOD

Have the link to the VOD?

Description

Time

  • Played on: May 6, 2023, 11:59 a.m.
  • Length: 12:54

All games in this series

Show
View Real Time Build Order
Export as new Build Order

SKillous Protoss - Winner!

Build Orders: 1 Gate Expand, Archon Immortal, Mass Adepts, Archon Drop, Dark Templar Rush 

Get SALT Encoding   

  12  0:00  Probe  
  13  0:15  Pylon  
  13  0:17  Probe (Chrono Boost)  
  14  0:27  Probe (Chrono Boost)  
  15  0:32  Probe (Chrono Boost)  
  16  0:39  Gateway  
  16  0:43  Probe  
  17  0:50  Assimilator  
  17  0:56  Probe  
  18  1:08  Probe  
  19  1:20  Probe  
  20  1:27  Nexus  
  20  1:35  Cybernetics Core  
  20  1:37  Probe  
  21  1:45  Assimilator  
  21  1:49  Probe  
  21  1:52  Pylon  
  22  2:01  Probe (Chrono Boost)  
  23  2:09  Adept (Chrono Boost)  
  23  2:12  Warp Gate  
  23  2:13  Probe (Chrono Boost)  
  26  2:22  Probe (Chrono Boost)  
  27  2:24  Twilight Council  
  27  2:27  Probe (Chrono Boost)  
  28  2:32  Stalker  
  30  2:39  Probe (Chrono Boost)  
  32  2:45  Probe (Chrono Boost)  
  32  2:48  Probe (Chrono Boost)  
  33  2:52  Robotics Facility, Probe (Chrono Boost)  
  33  2:53  Probe (Chrono Boost)  
  35  3:03  Gateway  
  35  3:05  Resonating Glaives (Chrono Boost)  
  35  3:06  Probe  
  35  3:08  Probe  
  37  3:20  Adept  
  37  3:21  Gateway  
  39  3:27  Gateway  
  39  3:28  Probe  
  40  3:39  Warp Prism  
  42  3:46  Dark Shrine  
  40  3:49  Pylon  
  40  3:51  Probe  
  42  3:58  Pylon  
  41  4:02  Adept  
  41  4:03  Adept  
  41  4:06  Probe  
  41  4:07  Probe  
  47  4:13  Shield Battery  
  47  4:19  Assimilator  
  47  4:29  Adept x2  
  47  4:30  Adept x2  
  47  4:31  Probe  
  56  4:32  Probe  
  56  4:36  Pylon  
  57  4:43  Probe  
  57  4:44  Probe  
  57  4:57  Adept x2  
  57  4:59  Probe x2  
  57  5:04  Dark Templar x2  
  55  5:08  Dark Templar  
  55  5:11  Probe x2 (Chrono Boost)  
  55  5:12  Assimilator  
  57  5:21  Probe x2 (Chrono Boost)  
  57  5:26  Probe (Chrono Boost)  
  58  5:33  Probe  
  58  5:35  Nexus  
  59  5:37  Pylon  
  60  5:42  Probe  
  60  5:47  Dark Templar x2  
  60  5:49  Probe  
  61  5:54  Blink (Chrono Boost)  
  61  5:55  Probe  
  61  5:56  Pylon  
  60  6:00  Observer (Chrono Boost)  
  60  6:01  Probe, Forge  
  62  6:07  Archon, Dark Templar x2  
  62  6:08  Adept x2  
  62  6:09  Probe  
  71  6:13  Archon  
  71  6:15  Probe  
  76  6:18  Immortal (Chrono Boost)  
  76  6:21  Probe  
  76  6:23  Shield Battery  
  77  6:27  Probe  
  77  6:32  Adept x2  
  82  6:33  Probe  
  82  6:39  Probe  
  84  6:45  Gateway, Probe  
  85  6:48  Gateway  
  85  6:50  Pylon, Protoss Ground Weapons Level 1 (Chrono Boost)  
  85  6:52  Immortal (Chrono Boost)  
  85  6:59  Probe x2 (Chrono Boost)  
  92  7:05  Probe (Chrono Boost), Assimilator  
  92  7:06  Assimilator  
  93  7:09  Probe (Chrono Boost)  
  93  7:10  Probe (Chrono Boost)  
  93  7:12  Templar Archives  
  93  7:13  Probe (Chrono Boost)  
  93  7:14  Pylon  
  95  7:20  Zealot x3  
  95  7:21  Probe  
  98  7:26  Pylon  
  94  7:34  Stalker x2  
  94  7:35  Stalker x2  
  100  7:39  Gateway  
  100  7:40  Gateway  
  100  7:42  Pylon  
  100  7:43  Gateway  
  100  7:48  Immortal (Chrono Boost)  
  100  7:49  Psionic Storm  
  100  7:57  Stalker x2  
  104  8:07  Gateway  
  104  8:10  Gateway  
  104  8:14  High Templar x3  
  104  8:19  Probe x2  
  112  8:24  High Templar  
  112  8:25  Pylon  
  114  8:30  Nexus  
  114  8:35  Pylon  
  114  8:37  High Templar  
  116  8:42  Stalker x3, Protoss Ground Armor Level 1 (Chrono Boost)  
  122  8:50  Photon Cannon  
  122  8:55  Photon Cannon  
  122  8:56  Pylon  
  122  9:00  High Templar  
  122  9:02  Pylon  
  124  9:04  Observer (Chrono Boost)  
  124  9:19  Immortal  
  129  9:28  High Templar  
  129  9:29  High Templar  
  132  9:33  Forge, Charge  
  132  9:34  Archon, Assimilator  
  132  9:37  Assimilator  
  132  9:39  Shield Battery  
  132  9:41  Pylon  
  132  9:42  Shield Battery  
  132  9:48  Adept x2  
  132  9:52  Probe x2  
  134  9:54  Photon Cannon  
  134  9:57  High Templar x2  
  134  9:58  Shield Battery  
  138  10:00  Gateway x2  
  138  10:02  Gateway  
  138  10:05  Pylon  
  138  10:06  Immortal  
  142  10:07  Photon Cannon  
  142  10:09  Observer, Shield Battery  
  142  10:10  Photon Cannon  
  142  10:11  Archon  
  142  10:12  Pylon  
  142  10:13  Protoss Ground Weapons Level 2 (Chrono Boost)  
  142  10:18  Probe  
  143  10:25  High Templar x2  
  143  10:26  Probe x2  
  143  10:28  Probe, Gateway  
  150  10:30  Probe  
  150  10:32  Stalker  
  150  10:33  Stalker x2  
  90  10:35  Protoss Ground Armor Level 2 (Chrono Boost)  
  157  10:41  Archon  
  157  10:47  Photon Cannon  
  157  10:53  Nexus  
  157  10:55  Pylon  
  157  10:59  Sentry, High Templar x2  
  157  11:00  Zealot x3  
  157  11:01  Zealot  
  157  11:04  Archon  
  171  11:12  High Templar x2  
  171  11:16  Archon  
  171  11:17  Zealot x5  
  185  11:27  Stalker  
  183  11:37  Zealot x8  
  197  11:41  Photon Cannon  
  197  11:42  Photon Cannon  
  197  11:44  Shield Battery  
  189  11:50  Zealot x5  
  177  12:05  High Templar x3  
  177  12:06  High Templar  
  183  12:09  Archon, High Templar x2  
  183  12:10  Zealot x4  
  183  12:11  Archon  
  175  12:24  Archon  
  175  12:26  Archon x2  
  175  12:27  Stalker x5  
  152  12:33  Zealot x4  
  152  12:37  Probe x4  
Show
View Real Time Build Order
Export as new Build Order

Lambo Zerg 

Build Orders: Hatch First 

Get SALT Encoding   

  12  0:00  Drone  
  13  0:12  Overlord  
  13  0:16  Drone  
  14  0:30  Drone x2  
  16  0:42  Drone  
  17  0:51  Hatchery  
  17  0:54  Drone  
  17  0:57  Drone  
  18  1:08  Extractor  
  17  1:12  Spawning Pool  
  17  1:15  Drone  
  17  1:18  Drone  
  18  1:27  Drone  
  19  1:39  Drone  
  20  1:50  Overlord  
  20  2:01  Queen  
  22  2:02  Queen  
  22  2:03  Drone, Zergling x2  
  22  2:08  Metabolic Boost  
  26  2:11  Zergling x2  
  26  2:13  Drone  
  28  2:21  Drone  
  29  2:24  Drone  
  30  2:34  Hatchery  
  30  2:36  Drone  
  30  2:41  Drone  
  31  2:45  Drone  
  31  2:46  Overlord  
  32  2:53  Queen  
  32  2:57  Zergling x2  
  34  3:12  Spore Crawler  
  34  3:17  Drone x5  
  34  3:18  Queen  
  34  3:19  Drone  
  44  3:20  Drone x2  
  44  3:27  Overlord  
  44  3:45  Queen, Drone x2, Roach Warren  
  44  3:47  Drone x3  
  49  3:55  Queen, Drone  
  50  3:58  Drone x2  
  50  4:02  Overlord  
  54  4:08  Overlord  
  54  4:09  Zergling x4  
  56  4:15  Zergling x4  
  58  4:19  Overlord  
  58  4:27  Spore Crawler  
  58  4:29  Roach x5  
  66  4:34  Queen  
  66  4:37  Roach x2, Extractor  
  72  4:39  Overlord  
  72  4:44  Zergling x6  
  75  4:50  Zergling x8  
  74  4:55  Zergling x4  
  74  5:02  Drone x5  
  74  5:08  Drone x2  
  75  5:14  Spore Crawler  
  75  5:17  Spore Crawler x2  
  72  5:24  Drone x5  
  72  5:30  Spore Crawler  
  71  5:36  Spore Crawler  
  71  5:42  Drone x3  
  73  5:44  Drone x2  
  73  5:47  Drone  
  76  5:51  Drone x2  
  76  5:54  Drone x2  
  80  5:57  Drone x2  
  80  5:59  Drone  
  80  6:03  Lair  
  81  6:06  Drone  
  81  6:08  Drone  
  81  6:10  Drone  
  84  6:13  Drone x2  
  84  6:14  Evolution Chamber  
  84  6:17  Drone  
  86  6:23  Drone x2  
  88  6:26  Drone  
  88  6:35  Overlord x2  
  88  6:39  Extractor  
  87  6:40  Overlord  
  87  6:41  Overlord x2, Extractor  
  85  6:53  Queen  
  89  6:54  Hatchery  
  89  6:56  Overlord  
  89  6:58  Drone x6  
  89  7:00  Drone x2  
  96  7:03  Drone x6  
  96  7:06  Extractor  
  96  7:08  Baneling Nest  
  98  7:09  Glial Reconstitution  
  98  7:10  Drone  
  98  7:12  Drone x2  
  101  7:21  Roach x4  
  102  7:25  Roach  
  102  7:29  Roach x4  
  112  7:32  Zerg Missile Weapons Level 1  
  110  7:37  Drone x7  
  110  7:43  Roach  
  110  7:44  Roach  
  120  7:49  Overlord  
  116  7:53  Overlord  
  116  7:55  Drone x3, Centrifugal Hooks  
  119  7:59  Overlord  
  119  8:00  Roach  
  119  8:01  Ravager  
  122  8:07  Evolution Chamber  
  121  8:14  Drone x9  
  121  8:16  Ravager x2  
  132  8:22  Roach  
  132  8:23  Roach x2  
  138  8:29  Zergling x12  
  138  8:32  Zergling x12  
  150  8:34  Zerg Melee Weapons Level 1  
  149  8:43  Overlord  
  149  8:46  Zergling x6  
  149  8:47  Overseer  
  152  8:48  Overlord, Hatchery  
  152  8:51  Overlord  
  152  8:52  Extractor  
  150  8:59  Overlord  
  150  9:06  Infestation Pit  
  150  9:07  Zergling x26  
  162  9:11  Drone  
  163  9:21  Drone  
  163  9:22  Drone x2, Spine Crawler  
  165  9:24  Zergling x14  
  165  9:25  Baneling  
  165  9:26  Baneling x9  
  165  9:28  Zerg Missile Weapons Level 2  
  165  9:29  Zergling x2  
  165  9:30  Zergling x6  
  176  9:35  Overlord  
  175  9:41  Overlord, Hydralisk Den  
  175  9:42  Spire, Overlord  
  173  9:46  Overlord  
  171  9:53  Zergling x8  
  171  9:57  Drone x9  
  171  9:59  Extractor  
  182  10:02  Zergling x12  
  182  10:03  Zergling x2  
  182  10:04  Hive  
  182  10:06  Drone x3  
  192  10:09  Spine Crawler  
  192  10:10  Pneumatized Carapace  
  192  10:11  Spine Crawler  
  190  10:21  Drone x3  
  190  10:23  Hydralisk Den, Spore Crawler  
  190  10:25  Baneling x24  
  190  10:26  Spine Crawler  
  190  10:30  Baneling x2  
  190  10:31  Baneling  
  191  10:35  Zergling x20  
  200  10:53  Extractor, Baneling  
  200  10:54  Baneling x3  
  199  11:01  Lurker Den  
  196  11:13  Spore Crawler  
  195  11:20  Greater Spire  
  195  11:24  Overseer  
  195  11:30  Zergling x12  
  199  11:40  Overseer  
  199  11:43  Spine Crawler  
  199  11:44  Spine Crawler  
  199  11:45  Zergling x2  
  199  11:46  Zergling x8  
  200  11:50  Baneling x7  
  195  11:57  Zergling x18  
  195  11:58  Zergling x2  
  195  11:59  Zergling x40  
  195  12:00  Zergling x2  
  195  12:01  Zergling x20  
  197  12:04  Roach  
  197  12:07  Baneling x15  
  190  12:17  Zergling x16  
  190  12:20  Roach x5  
  182  12:24  Roach x5  
  138  12:30  Roach x6  
  138  12:34  Roach  
Tags
 
Add a new tag
Caveats
  • Supply blocks, unpowered buildings, or Contaminate may cause inaccurate times.
  • Supply counts are checked every 10 seconds.